 Dungeon Crawl Stone Soup version 0.26-a0-598-g61e6210cf4 (webtiles) character file.

Game seed: 4491846319934523482

5280 Phyllomedusabicolor the Carver (level 10, -5/66 HPs)
             Began as an Octopode Fighter on Aug 28, 2020.
             Was an Initiate of Gozag.
             Killed from afar by a white imp (7 damage)
             ... with a puff of frost
             ... on level 9 of the Dungeon.
             The game lasted 00:18:03 (9659 turns).

Phyllomedusabicolor the Carver (Octopode Fighter)   Turns: 9659, Time: 00:18:04

Health: -5/66      AC:  1    Str: 23    XL:     10   Next: 63%
Magic:  10/10      EV: 14    Int: 12    God:    Gozag
Gold:   632        SH:  5    Dex: 12    Spells: 9/9 levels left

rFire    . . .     SeeInvis +   w - +1 scimitar (holy)
rCold    . . .     Faith    .   s - +0 buckler
rNeg     . . .     Spirit   .   (helmet restricted)
rPois    .         Reflect  .   i - amulet of regeneration
rElec    .         Harm     .   l - +6 ring of strength
rCorr    .                      B - ring of see invisible
MR       .....                  (no ring)
Stlth    ++........             (no ring)
HPRegen  0.61/turn              (no ring)
MPRegen  0.12/turn              (no ring)
                                (no ring)
                                (no ring)

@: about to teleport, marked, gold aura
A: almost no armour, stealthy swim, amphibious, 8 rings, constrict 8, camouflage
1, gelatinous body 1
a: Potion Petition, Call Merchant, Bribe Branch, Renounce Religion


You were on level 9 of the Dungeon.
You worshipped Gozag.
Gozag was pleased with you.
You visited 2 branches of the dungeon, and saw 10 of its levels.

You collected 1114 gold pieces.
You spent 410 gold pieces at shops.
You paid 72 gold pieces to Gozag.

Inventory:

Hand Weapons
 c - a +0 dagger of venom
 w - a +1 scimitar of holy wrath (weapon)
Missiles
 f - 2 datura-tipped darts
 k - 6 boomerangs
 o - 13 poisoned darts (quivered)
Armour
 b - a +1 kite shield
 s - a +0 buckler (worn)
Jewellery
 i - an amulet of regeneration (around mantle)
 l - a +6 ring of strength (left tentacle)
 B - a ring of see invisible (right tentacle)
Wands
 a - a wand of paralysis (8)
 g - a wand of digging (9)
 m - a wand of iceblast (14)
 r - a wand of disintegration (8)
Scrolls
 d - 2 scrolls of fear
 e - 3 scrolls of enchant weapon
 h - a scroll of enchant armour
 j - 6 scrolls of remove curse
 p - 3 scrolls of fog
 q - 2 scrolls of magic mapping
 u - 2 scrolls of teleportation
 x - 5 scrolls of identify
 y - a scroll of brand weapon
 A - 3 scrolls of amnesia
Potions
 n - a potion of invisibility
 t - 2 potions of flight
 v - 2 potions of stabbing
 z - a potion of brilliance
 D - a potion of haste
 E - a potion of lignification


   Skills:
 - Level 5.5 Fighting
 - Level 10.3 Long Blades
 - Level 6.3 Throwing
 - Level 3.0 Dodging
 - Level 4.9 Shields
 + Level 8.1 Evocations


You had 9 spell levels left.
You didn't know any spells.
Your spell library contained the following spells:

 Spells                   Type           Power        Failure   Level
 Sandblast                Erth           #.....       32%         1
 Passwall                 Tmut/Erth      #.......     45%         2
 Stone Arrow              Conj/Erth      #.....       69%         3
 Petrify                  Tmut/Erth      #.......     97%         4
 Lee's Rapid Deconstruct  Erth           #.........   100%        5


Dungeon Overview and Level Annotations

Branches:
Dungeon (9/15)             Temple (1/1) D:5
   Lair: D:8-11         Orc: D:9-12

Altars:
Ashenzari
Cheibriados
Dithmenos
Elyvilon
Fedhas
Gozag
Hepliaklqana
Kikubaaqudgha
Makhleb
Nemelex Xobeh
Okawaru
Qazlal
Ru
Sif Muna
Trog
Uskayaw
Wu Jian
Xom
Yredelemnul
Zin
The Shining One

Shops:
D:5 (   D:6 [([:*   D:7 *:**[


Innate Abilities, Weirdness & Mutations

You cannot wear most types of armour.
You are very stealthy in the water. (Stealth+)
You are amphibious.
You can wear up to eight rings at the same time.
You can use your tentacles to constrict eight enemies at once.
Your skin changes colour to match your surroundings (Stealth+).
Your rubbery body absorbs attacks. (AC +1, EV +1)


Message History

You feel strangely unstable.
You constrict the howler monkey. The howler monkey hits you.
* * * LOW HITPOINT WARNING * * *
The white imp gestures at you. The puff of frost hits you!
* * * LOW HITPOINT WARNING * * *
Okay, then.
Unknown command.
As you read the scroll of fear, it crumbles to dust.
You assume a fearsome visage.
The hound looks frightened!
The howler monkey looks frightened!
The howler monkey resists with some effort.
The howler monkey looks frightened!
The white imp is unaffected.
The howler monkey looks frightened! x2; The scorpion looks frightened!
You constrict the howler monkey.
The howler monkey hoots and howls with incredible vigour!
The white imp gestures at you. The puff of frost hits you!
You die...
Your body crumbles into a pile of gold.

##.#...#####...#
#.##### ##.## #.#
#####.##### ##'##
#..>......# ##...##
#.###)###.# ##..(..##
#.###.# #.#
##.......###.##..###.#
#.........##.h.....#.#
+.........@h.h..^..#.#
#.........##hh(......#
##.......###h##.##.###
##.....## #.##.##.#
##s.5## #@##h##.#
##'## #..@....# #h#
####.#### #.# #<#
##@## #.#


You could see a scorpion (fleeing), 5 howler monkeys, a hound (fleeing) and a
white imp.

Vanquished Creatures
  Harold (D:9)
  A two-headed ogre (D:8)
  Prince Ribbit (D:7)
  A hippogriff (D:7)
  Sigmund (D:2)
  5 yaks
  An orc warrior (D:8)
  2 ice beasts (D:8)
  A sky beast (D:7)
  A black bear (D:6)
  3 ogres
  A phantom (D:7)
  2 centaurs
  2 big kobolds
  3 bullfrogs
  3 killer bees (D:7)
  4 wights (D:6)
  A howler monkey (D:6)
  2 centaur zombies
  3 hounds
  A jelly (D:7)
  Crazy Yiuf (D:2)
  6 orc priests
  7 orc wizards
  Terence (D:1)
  An iguana (D:7)
  5 worker ants
  3 gnolls (D:6)
  13 adders
  A shadow imp (D:7)
  A white imp (D:8)
  4 ufetubi
  An ooze (D:3)
  An adder zombie (D:6)
  3 worms
  2 dart slugs
  2 leopard geckos (D:2)
  24 orcs
  2 ball pythons
  4 giant cockroaches
  3 goblins
  7 hobgoblins
  7 jackals
  5 quokkas
  A ball python skeleton (D:5)
  5 bats
  3 frilled lizards
  20 kobolds
  6 rats
179 creatures vanquished.

Vanquished Creatures (others)
  An adder zombie (D:9)
  2 plants (D:7)
3 creatures vanquished.

Grand Total: 182 creatures vanquished

Notes
Turn   | Place    | Note
-------+----------+-------------------------------------------
     0 | D:1      | Phyllomedusabicolor the Octopode Fighter began the quest
                  | for the Orb.
     0 | D:1      | Reached XP level 1. HP: 16/16 MP: 1/1
   416 | D:1      | Reached XP level 2. HP: 21/21 MP: 2/2
   855 | D:2      | Noticed Terence
   863 | D:2      | Reached skill level 3 in Long Blades
   864 | D:2      | Noticed Sigmund
  1312 | D:1      | Killed Terence
  1312 | D:1      | Reached skill level 4 in Long Blades
  1312 | D:1      | Reached XP level 3. HP: 14/26 MP: 3/3
  1459 | D:2      | Reached XP level 4. HP: 22/31 MP: 4/4
  1942 | D:2      | Found a runed translucent door.
  1943 | D:2      | Noticed Crazy Yiuf
  1950 | D:2      | Killed Crazy Yiuf
  2201 | D:2      | Found a faded altar of an unknown god.
  2282 | D:2      | Reached XP level 5. HP: 36/36 MP: 5/5
  2404 | D:2      | Killed Sigmund
  2404 | D:2      | Reached skill level 5 in Fighting
  2404 | D:2      | Reached XP level 6. HP: 44/45 MP: 6/6
  2581 | D:3      | Found a snail-covered altar of Cheibriados.
  2644 | D:3      | Found a shimmering altar of Xom.
  2768 | D:3      | Noticed a +0 hand axe
  2768 | D:3      | Noticed a +0 dagger
  2777 | D:3      | Found a hide-covered altar of Uskayaw.
  2820 | D:3      | Found a basalt altar of Yredelemnul.
  3281 | D:3      | Reached skill level 5 in Long Blades
  3576 | D:4      | Reached XP level 7. HP: 42/50 MP: 7/7
  3795 | D:4      | Found a burning altar of Makhleb.
  3916 | D:4      | Found an ornate altar of the Wu Jian Council.
  4498 | D:5      | Entered Level 5 of the Dungeon
  4909 | D:4      | Reached XP level 8. HP: 16/56 MP: 8/8
  4915 | D:4      | HP: 4/84 [poisoned by an orc wizard]
  5234 | D:5      | Found Quruiron's Weapon Emporium.
  5248 | D:5      | Found a staircase to the Ecumenical Temple.
  5256 | Temple   | Entered the Ecumenical Temple
  5303 | Temple   | Became a worshipper of Gozag Ym Sagoz the Greedy
  5796 | D:6      | Found Koinol's Assorted Antiques.
  5804 | D:6      | Bought a smoky white potion for 26 gold pieces
  5804 | D:6      | Bought a scroll labeled YKKOFA ZETA for 29 gold pieces
  5823 | D:6      | Found a glowing golden altar of the Shining One.
  5838 | D:6      | Found Dukhal's Book Shop.
  6077 | D:6      | Reached skill level 5 in Throwing
  6230 | D:6      | Noticed a yak
  6238 | D:6      | Noticed a yak
  6241 | D:6      | Noticed a yak
  6254 | D:6      | Noticed a yak
  6255 | D:6      | Noticed a yak
  6265 | D:5      | Killed a yak
  6265 | D:5      | Reached skill level 6 in Long Blades
  6398 | D:6      | Killed a yak
  6398 | D:6      | Reached skill level 7 in Long Blades
  6398 | D:6      | Reached XP level 9. HP: 59/61 MP: 9/9
  6422 | D:6      | Reached skill level 8 in Long Blades
  6580 | D:6      | Found Voriokut's Armour Shoppe.
  6594 | D:6      | Found Ejinen's Antique Weapon Emporium.
  6603 | D:6      | Found a stormy altar of Qazlal.
  6610 | D:6      | Found Suybunuj's Armour Shop.
  6615 | D:6      | Bought a runed scimitar for 189 gold pieces
  6919 | D:7      | Found Nakuxten's General Store.
  6922 | D:7      | Bought a scroll of identify for 30 gold pieces
  6922 | D:7      | Bought a scroll of identify for 30 gold pieces
  6922 | D:7      | Bought a scroll of identify for 30 gold pieces
  7050 | D:7      | Found Zerhevuu's Book Emporium.
  7246 | D:7      | Found Gaulyogg's Assorted Antiques.
  7262 | D:7      | Reached skill level 9 in Long Blades
  7531 | D:7      | Bought a scroll of identify for 38 gold pieces
  7531 | D:7      | Bought a scroll labeled DEDURO CUWNOBO for 19 gold pieces
  7531 | D:7      | Bought a scroll labeled DEDURO CUWNOBO for 19 gold pieces
  7562 | D:7      | Found a white marble altar of Elyvilon.
  7726 | D:7      | Found Duacw's Assorted Antiques.
  7773 | D:7      | Noticed Prince Ribbit
  7962 | D:7      | Killed Prince Ribbit
  7962 | D:7      | Reached skill level 10 in Long Blades
  8486 | D:7      | Found Kaetel's Antique Armour Boutique.
  8538 | D:8      | Noticed a two-headed ogre
  8668 | D:7      | Reached skill level 1 in Evocations
  8796 | D:8      | Reached XP level 10. HP: 56/66 MP: 10/10
  8866 | D:8      | Found a basalt altar of Yredelemnul.
  8897 | D:8      | Killed a two-headed ogre
  8897 | D:8      | Reached skill level 5 in Evocations
  9522 | D:9      | Noticed Harold
  9656 | D:9      | Killed Harold
  9658 | D:9      | HP: 2/66 [white imp/puff of frost (11)]
  9659 | D:9      | Killed from afar by a white imp

Illustrated notes

Levels and vault maps discovered:
D:1:      roderic_crossed_star, layout_basic, minmay_misc_feat_cross
D:2:      layout_basic, chequers_ecumenical_altar_twisty,
          uniq_crazy_yiuf_cottage, uniq_sigmund, uniq_terence
D:3:      layout_basic, dancing_weapons_uskayaw, overflow_temple_1_default,
          marbit_many_paths, old_standard_altar
D:4:      layout_rooms, lemuel_coloured_pillars_altar, old_standard_altar,
          minmay_box_of_dots
D:5:      layout_cave_pools, temple_doors_cd, serial_shops,
          nicolae_shop_waterfront
D:6:      layout_basic, grunt_qazlal_clouds, tso_altar, serial_shops, shop,
          nicolae_shop_overgrown_old_shop, shop, shop, shop
D:7:      layout_rooms, elyvilon_altar_1, serial_shops, shop, shop,
          nicolae_shop_crystal, shop, nicolae_shop_overgrown_old_shop,
          uniq_prince_ribbit1
D:8:      layout_basic, basic_altar, minmay_misc_feat_more_columns
D:9:      layout_loops_corners, fiery_altar_vehumet, nicolae_water_bricks,
          uniq_erica, uniq_harold
Temple:   nicolae_temple_hex_pool

Skill      XL: |  1  2  3  4  5  6  7  8  9 10 |
---------------+-------------------------------+-----
Long Blades    | 4 5 7 10 | 10.3
Fighting       | 5 |  5.5
Shields        | 4 |  4.9
Throwing       | 2 6 |  6.3
Evocations     | 2 8 |  8.1
Dodging        | |  3.0

Action                   |  1- 3 |  4- 6 |  7- 9 | 10-12 || total
-------------------------+-------+-------+-------+-------++-------
Melee: Long sword        |    39 |   105 |   104 |       ||   248
       Constrict         |     9 |    33 |    41 |    10 ||    93
       Tentacles         |     8 |    16 |    49 |    12 ||    85
       Scimitar          |       |       |    71 |    47 ||   118
Throw: Dart              |       |       |    57 |     8 ||    65
       Boomerang         |       |       |       |     4 ||     4
  Use: Potion            |     1 |     4 |     5 |     1 ||    11
       Scroll            |       |       |    17 |     2 ||    19
 Stab: Sleeping          |     3 |     4 |     6 |       ||    13
       Distracted        |       |       |     2 |     1 ||     3
Armor: Skin              |     5 |     2 |     8 |     4 ||    19
Dodge: Dodged            |    32 |    38 |   112 |    19 ||   201
Block: Kite shield       |    25 |    48 |     4 |       ||    77
       Buckler           |       |       |    26 |    11 ||    37
       Rpst.: Long sword |     8 |     7 |    18 |       ||    33
       Scimitar          |       |       |    10 |     1 ||    11

Table legend: (Time is in decaauts)
 A = Elapsed time spent in this place.
 B = Non-inter-level travel time spent in this place.
 C = Inter-level travel time spent in this place.
 D = Time resting spent in this place.
 E = Time spent auto-exploring this place.
 F = Levels seen in this place.
 G = Mean time per level.
                   A        B        C        D        E       F      G
               +--------+--------+--------+--------+--------+-----+--------+
         Total |   9669 |   9311 |    358 |   2293 |   5496 |  10 |  966.9 |
       Dungeon |   9592 |   9234 |    358 |   2293 |   5435 |   9 | 1065.8 |
        Temple |     76 |     76 |      0 |      0 |     61 |   1 |   76.0 |
               +--------+--------+--------+--------+--------+-----+--------+

Top non-repeatable levels by time:
     D:7: 1733 daAuts
     D:1: 1484 daAuts
     D:4: 1318 daAuts
     D:6: 1137 daAuts
     D:3: 1005 daAuts
     D:2: 972 daAuts
     D:5: 939 daAuts
     D:8: 875 daAuts
     D:9: 125 daAuts
  Temple: 76 daAuts
